Map: Newkirk Precinct TE (Void)

Players

Railgan - Winner!

  • Race: Zerg Zerg
  • League: Grandmaster
  • Spawn Location: 7:00

Deadzerg

  • Race: Protoss Protoss
  • Spawn Location: 5:00

VOD

Have the link to the VOD?

Description

Time

  • Played on: March 1, 2017, 7:10 p.m.
  • Length: 13:02
Show
View Real Time Build Order
Export as new Build Order

Railgan Zerg - Winner!

Build Orders: Hatch First 

Get SALT Encoding   

  12  0:01  Drone  
  13  0:13  Overlord  
  13  0:19  Drone  
  14  0:31  Drone  
  14  0:32  Drone  
  14  0:35  Drone  
  17  0:55  Hatchery  
  17  0:57  Drone  
  17  1:00  Drone  
  18  1:12  Extractor  
  18  1:16  Spawning Pool  
  16  1:20  Drone  
  16  1:21  Drone  
  18  1:28  Drone  
  19  1:39  Overlord  
  19  1:50  Drone  
  20  2:00  Drone  
  21  2:04  Queen  
  21  2:07  Zergling x2, Queen  
  26  2:11  Drone  
  26  2:15  Metabolic Boost  
  27  2:18  Drone  
  27  2:22  Drone  
  29  2:29  Drone  
  30  2:33  Drone  
  31  2:39  Overlord  
  31  2:43  Evolution Chamber  
  30  2:46  Drone  
  30  2:48  Queen  
  33  2:51  Drone  
  33  2:57  Zergling x2  
  35  3:01  Zergling x2  
  36  3:06  Zergling x2  
  37  3:13  Drone  
  37  3:15  Zerg Melee Weapons Level 1  
  37  3:16  Drone x2  
  37  3:18  Drone x2, Overlord  
  37  3:19  Drone  
  43  3:24  Overlord  
  43  3:27  Drone  
  44  3:38  Drone x2  
  44  3:40  Drone  
  47  3:42  Lair  
  47  3:44  Drone x2  
  47  3:45  Extractor  
  47  3:46  Extractor  
  47  3:49  Drone x3  
  50  3:56  Overlord  
  51  4:02  Drone  
  51  4:03  Drone  
  51  4:10  Drone x2  
  51  4:11  Drone  
  54  4:19  Drone  
  54  4:22  Queen  
  54  4:23  Zergling x12  
  61  4:29  Extractor, Roach Warren  
  58  4:33  Drone x2  
  58  4:37  Drone  
  61  4:40  Queen  
  61  4:42  Zergling x2  
  64  4:48  Drone  
  65  4:56  Overlord, Zergling x2  
  65  4:57  Zergling x2  
  67  5:00  Overseer  
  67  5:09  Overlord  
  67  5:16  Roach x4  
  75  5:24  Zerg Melee Weapons Level 2, Hatchery  
  74  5:29  Glial Reconstitution  
  74  5:33  Zergling x6  
  74  5:34  Infestation Pit  
  76  5:39  Roach  
  76  5:40  Roach x3  
  83  5:59  Overlord  
  83  6:02  Overlord  
  80  6:07  Overlord x2  
  80  6:13  Hatchery  
  79  6:22  Pathogen Glands  
  79  6:26  Burrow  
  79  6:28  Zergling x6  
  79  6:29  Zergling x6  
  79  6:30  Ravager x5  
  79  6:31  Ravager  
  91  6:40  Zergling x2  
  91  6:41  Zergling x12  
  91  6:43  Overlord  
  92  6:56  Roach x2  
  92  7:02  Ravager  
  92  7:04  Ravager  
  92  7:05  Roach x2  
  98  7:09  Roach x6  
  110  7:19  Overlord  
  110  7:24  Infestor  
  110  7:26  Infestor  
  110  7:28  Overlord  
  114  7:34  Zergling x2  
  115  7:39  Zergling x2  
  115  7:40  Zergling x8  
  115  7:43  Zerg Ground Armor Level 1  
  120  7:46  Baneling Nest  
  119  7:59  Infestor  
  119  8:01  Drone x7  
  128  8:06  Overlord  
  128  8:14  Drone x4  
  128  8:15  Neural Parasite  
  128  8:17  Overlord  
  132  8:22  Overlord  
  132  8:28  Zergling x2  
  132  8:29  Zergling x8  
  132  8:31  Overlord  
  137  8:43  Zergling x18  
  146  9:01  Zergling x2  
  133  9:07  Extractor x2  
  133  9:09  Overlord  
  155  9:15  Zergling x2  
  155  9:16  Zergling x6  
  159  9:22  Centrifical Hooks  
  165  9:33  Overlord x2  
  165  9:35  Drone x3  
  165  9:36  Drone x2  
  173  9:40  Overseer  
  173  9:41  Zergling x2  
  173  9:42  Zergling x6  
  177  9:49  Zergling x2  
  177  9:52  Zerg Missile Weapons Level 1  
  177  10:03  Zergling x8  
  177  10:06  Baneling x5  
  190  10:07  Hatchery  
  189  10:16  Zergling x2  
  189  10:17  Zergling x4  
  192  10:23  Overlord x2  
  192  10:25  Baneling x4  
  192  10:26  Baneling x8  
  190  10:57  Zergling x18  
  162  11:02  Zergling x14  
  164  11:07  Zergling x2  
  164  11:11  Zergling x2  
  164  11:16  Zergling x2  
  164  11:18  Overseer x2, Pneumatized Carapace, Zergling x2  
  166  11:23  Zergling x4  
  166  11:25  Spore Crawler  
  167  11:27  Baneling x6  
  167  11:28  Baneling x11  
  167  11:33  Zergling x2  
  167  11:34  Zergling x4  
  170  11:44  Infestor x3  
  176  11:55  Spore Crawler  
  176  11:56  Zergling x6  
  178  12:05  Zergling x6  
  181  12:13  Zergling x6  
  183  12:22  Zergling x4  
Show
View Real Time Build Order
Export as new Build Order

Deadzerg Protoss 

Build Orders: Nexus First, Zealot Archon, Dark Templar Rush 

Get SALT Encoding   

  12  0:00  Probe (Chrono Boost)  
  13  0:11  Probe (Chrono Boost)  
  14  0:20  Pylon  
  14  0:22  Probe (Chrono Boost)  
  15  0:38  Probe (Chrono Boost)  
  16  0:48  Probe (Chrono Boost)  
  17  1:01  Nexus  
  18  1:04  Probe (Chrono Boost)  
  18  1:13  Gateway  
  18  1:16  Probe (Chrono Boost)  
  19  1:23  Assimilator  
  19  1:26  Probe (Chrono Boost)  
  19  1:28  Assimilator  
  20  1:37  Probe (Chrono Boost)  
  21  1:40  Pylon  
  21  1:48  Probe (Chrono Boost)  
  22  1:58  Probe (Chrono Boost)  
  22  2:00  Cybernetics Core  
  23  2:03  Zealot  
  25  2:09  Probe (Chrono Boost)  
  25  2:14  Probe (Chrono Boost)  
  27  2:19  Probe (Chrono Boost)  
  28  2:24  Probe (Chrono Boost)  
  30  2:30  Probe (Chrono Boost)  
  30  2:35  Probe (Chrono Boost)  
  30  2:36  Warp Gate  
  31  2:37  Stalker  
  31  2:41  Mothership Core (Chrono Boost)  
  35  2:45  Probe (Chrono Boost)  
  36  2:51  Twilight Council  
  36  2:54  Pylon  
  36  2:57  Probe (Chrono Boost)  
  37  2:59  Probe (Chrono Boost)  
  38  3:07  Probe (Chrono Boost)  
  38  3:09  Probe (Chrono Boost)  
  40  3:13  Robotics Facility  
  40  3:18  Probe (Chrono Boost)  
  41  3:20  Probe (Chrono Boost)  
  42  3:28  Probe (Chrono Boost)  
  42  3:30  Probe (Chrono Boost)  
  44  3:35  Dark Shrine  
  44  3:37  Assimilator  
  44  3:39  Probe (Chrono Boost)  
  46  3:41  Probe (Chrono Boost)  
  46  3:42  Assimilator  
  46  3:44  Pylon  
  46  3:50  Probe (Chrono Boost)  
  46  3:52  Probe (Chrono Boost)  
  48  4:02  Gateway  
  48  4:04  Gateway  
  48  4:06  Gateway  
  48  4:09  Blink  
  47  4:20  Warp Prism  
  47  4:24  Probe (Chrono Boost)  
  47  4:33  Probe (Chrono Boost)  
  47  4:36  Probe (Chrono Boost)  
  50  4:45  Probe (Chrono Boost)  
  50  4:47  Pylon  
  50  4:48  Probe (Chrono Boost)  
  50  4:50  Gateway  
  50  4:52  Gateway  
  51  4:55  Gateway  
  51  4:56  Gateway  
  51  5:14  Dark Templar  
  51  5:15  Dark Templar x3  
  51  5:18  Archon x2  
  59  5:25  Pylon  
  59  5:26  Pylon  
  59  5:28  Pylon  
  59  5:32  Pylon  
  59  5:50  Stalker x4  
  59  6:07  Stalker x4  
  67  6:17  Dark Templar x2  
  71  6:18  Stalker  
  71  6:21  Archon  
  71  6:22  Dark Templar  
  75  6:48  Stalker x4  
  79  6:58  Stalker x4  
  87  7:03  Probe x2 (Chrono Boost)  
  89  7:11  Observer  
  92  7:15  Probe x2 (Chrono Boost)  
  92  7:22  Nexus  
  90  7:24  Pylon  
  90  7:29  Zealot  
  92  7:33  Charge  
  92  7:38  Immortal  
  97  7:52  Probe (Chrono Boost)  
  97  7:58  Sentry x2  
  101  8:01  Zealot x4  
  101  8:05  Pylon  
  109  8:08  Pylon  
  110  8:14  Probe x2 (Chrono Boost)  
  110  8:20  Observer  
  110  8:22  Pylon  
  110  8:25  Pylon  
  111  8:36  Pylon  
  111  8:37  Immortal  
  111  8:47  Zealot x5  
  124  8:52  Probe x2 (Chrono Boost)  
  118  9:03  Mothership Core (Chrono Boost)  
  118  9:05  Probe x2 (Chrono Boost)  
  118  9:06  Assimilator  
  122  9:10  Assimilator  
  122  9:11  Immortal  
  127  9:17  Probe (Chrono Boost)  
  127  9:29  Dark Templar x4  
  135  9:31  Sentry x2  
  135  9:33  Sentry  
  135  9:35  Archon  
  135  9:36  Archon  
  141  9:44  Probe x3 (Chrono Boost)  
  141  9:45  Warp Prism  
  144  9:50  Pylon  
  146  9:53  Pylon  
  146  9:59  Dark Templar x2  
  148  10:01  Zealot  
  148  10:03  Archon  
  148  10:05  Dark Templar  
  152  10:16  Immortal  
  156  10:32  Zealot x3  
  156  10:33  Zealot x4  
  104  11:07  Immortal  
  100  11:11  Zealot x3  
  100  11:12  Zealot x5  
  120  11:20  Forge  
  120  11:21  Forge  
  120  11:46  Dark Templar x4  
  128  11:53  Zealot x5, Immortal  
  130  11:56  Dark Templar x3  
  134  12:06  Nexus  
  134  12:08  Pylon  
Tags
 
Add a new tag
Caveats
  • Supply blocks, unpowered buildings, or Contaminate may cause inaccurate times.
  • Supply counts are checked every 10 seconds.